[Event "8th Montevideo Open 2025"]
[Site "Montevideo"]
[Date "2025.02.05"]
[Round "5.9"]
[White "Pichuaga, Juan Pablo"]
[Black "Mussanti, Diego"]
[Result "*"]
[Annotator "RC"]
[ECO "D02"]
[WhiteElo "1973"]
[BlackElo "2173"]
[PlyCount "46"]
[EventDate "2025.02.01"]
[EventType "swiss"]
[EventCountry "URU"]
[SourceTitle "playchess.com"]
[Source "ChessBase"]
[SourceQuality "1"]
[TimeControl "5400+30"]

1. Nf3 d5 2. g3 Nf6 3. Bg2 e6 4. d4 Be7 5. O-O O-O 6. Nbd2 b6 7. c4 Bb7 8. a3 dxc4 9. Nxc4 Nbd7 10. b4 c5 11. dxc5 bxc5 12. b5 a6 13. bxa6 Rxa6 14. Nfd2 Bxg2 15. Kxg2 Nb6 16. Nxb6 Qxb6 17. Nc4 Qb5 18. Qc2 Ra4 19. Ne3 c4 20. Rb1 Qc6+ 21. Kg1 Nd5 22. Nxd5 exd5 23. Rb6 Qxb6 *

[Event "8th Montevideo Open 2025"]
[Site "Montevideo"]
[Date "2025.02.05"]
[Round "5.10"]
[White "Dominguez, Facundo"]
[Black "Volpe, Agustin"]
[Result "1-0"]
[Annotator "TA"]
[ECO "B40"]
[WhiteElo "2159"]
[BlackElo "1873"]
[PlyCount "69"]
[EventDate "2025.02.01"]
[EventType "swiss"]
[EventCountry "URU"]
[SourceTitle "playchess.com"]
[Source "ChessBase"]
[SourceQuality "1"]
[TimeControl "5400+30"]

1. e4 c5 2. Nf3 e6 3. b3 Nf6 4. e5 Nd5 5. Bb2 Be7 6. g3 O-O 7. Bg2 Nc6 8. O-O f6 9. c4 {[%emt 0:09:14] B40: Sicilian: 2...e6, Unusual lines.} Nc7 10. d4 cxd4 11. exf6 {[%emt 0:03:28] White is slightly better.} (11. Bxd4 fxe5 12. Bc3 (12. Bxe5 $2 Nxe5 13. Nxe5 Bf6 $19) (12. Nxe5 $2 Nxd4 13. Qxd4 d6 $17) 12... e4 $17) 11... Bxf6 12. Nxd4 {[%emt 0:00:14] White is more active.} ({Much weaker is} 12. Bxd4 Nxd4 13. Nxd4 d5 $15) 12... Re8 $146 {[%emt 0:09:19] White now steadily converts the win.} (12... d5 13. Na3 e5 14. Nxc6 bxc6 15. cxd5 cxd5 16. Nb5 Nxb5 17. Bxd5+ Be6 18. Bxe6+ Kh8 19. Qxd8 Rfxd8 {0-1 Mekhane,A (2355)-Askarov,B (2280) Titled Tuesday intern op 13th Aug Late blitz 2024 (2)}) 13. Na3 a6 (13... d5 $14) 14. c5 Qe7 15. Rc1 Rb8 (15... Nb5 $16) 16. Nc4 $18 Nd5 $2 (16... Rf8 17. Qd2 Bxd4 18. Bxd4 Nxd4) 17. Nd6 Rf8 18. Bxd5 exd5 19. N4f5 {[%emt 0:00:32] A dynamic duo of knights.} Qe6 20. Re1 (20. Bxf6 $142 Qxf6 21. Qxd5+ Qe6 22. Ne3) 20... Bxb2 21. Rxe6 dxe6 22. Rb1 $36 {[%emt 0:00:35][%mdl 2048] Keeping Black busy.} Bf6 23. Nxc8 Rfxc8 (23... Rbxc8 24. Nd6 Rc7) 24. Nd6 Rc7 25. Kg2 Rd8 26. Qg4 Re7 27. Re1 Be5 $2 {[%emt 0:04:57] [#]} (27... Nd4 {is a better defense.} 28. Rd1 e5) 28. Nxb7 $1 Rdd7 {[%emt 0:15:12] [#]} (28... Rc8 29. f4) 29. Na5 Nxa5 (29... Bc3 30. Nxc6) 30. Rxe5 Kf7 31. Qa4 Nxb3 32. Qxb3 d4 33. Rf5+ Kg6 34. Rf3 {[%emt 0:00:00] aiming for c6.} e5 35. Qb6+ {[%emt 0:00:00] Weighted Error Value: White=0.16 (very precise) /Black=1.16  Mistake:       	White=1     	Black=5      Inaccurate:     	White=1     	Black=4      OK:         	White=10    	Black=7      Best:        	White=4     	---        Brilliant:      	White=1     	---} (35. Qd3+ $142 e4 36. Qxa6+ Kh5 37. Rf5+ Kg4 38. Rf4+ Kh5 39. Qe2+ (39. c6 Rd5 $18) 39... Kg6 40. Qg4+ (40. Rxe4 Rxe4 41. Qxe4+ Kf6 $18) 40... Kh6 41. Qh3+ (41. Rxe4 Rxe4 42. Qxd7 Re2 $18) 41... Kg6 42. Qf5+ Kh6 43. Rh4#) 1-0

[Event "8th Montevideo Open 2025"]
[Site "Montevideo"]
[Date "2025.02.05"]
[Round "5.11"]
[White "Cayetano, Juan"]
[Black "Brizzi, Milagros Tatiana"]
[Result "0-1"]
[Annotator "TA"]
[ECO "B13"]
[WhiteElo "1940"]
[BlackElo "2150"]
[PlyCount "112"]
[EventDate "2025.02.01"]
[EventType "swiss"]
[EventCountry "URU"]
[SourceTitle "playchess.com"]
[Source "ChessBase"]
[SourceQuality "1"]
[TimeControl "5400+30"]

1. e4 c6 2. d4 d5 3. exd5 cxd5 4. Bd3 Nc6 5. c3 Nf6 6. Bg5 Bg4 7. f3 Bh5 8. Qb3 Qd7 9. Ne2 e6 10. Na3 {[%emt 0:04:57] The position is equal.} Be7 11. Nf4 Bg6 12. Nb5 (12. O-O $11) 12... Nh5 13. Nxg6 hxg6 14. Bxe7 Qxe7 (14... Kxe7 {looks sharper.} 15. O-O a6 16. Na3 Nf4) 15. O-O-O O-O 16. g4 Nf4 17. h4 Rfc8 18. Kb1 a6 {[%emt 0:00:49][%cal Of4d3] Threatens to win with ...Nxd3!} 19. Na3 b5 20. Nc2 Rab8 21. h5 (21. Nb4 $1 $15) 21... b4 (21... gxh5 $17 {...h4 would now be deadly.} 22. gxh5 Nxd3 23. Rxd3 Qf6) 22. Nxb4 (22. hxg6 $2 Na5 (22... fxg6 23. Bxa6 Rc7 24. cxb4 $14) 23. Qa4 (23. gxf7+ Kxf7 24. Qa4 bxc3 $19) 23... bxc3 24. gxf7+ Kxf7 $19) (22. Bxa6 $11 Rd8 (22... Na5 23. Qa4 $14) 23. Nxb4 (23. hxg6 Na5 $15) 23... Nxb4 24. cxb4 Rxb4 25. Qe3) 22... Nxb4 $17 23. cxb4 Rxb4 24. Qa3 Rcb8 {[%emt 0:01:03] Strongly threatening ...Rxb2+. Black is more active.} 25. Ka1 {[%emt 0:00:57] [#]} a5 $2 26. hxg6 $11 fxg6 27. Rh2 a4 28. Qc3 Qf6 29. Bf1 (29. Rdh1 $5 Qe7 $8 30. Qd2 Nxd3 31. Qxd3 $15) 29... a3 30. b3 (30. bxa3 $16 Ra4 31. Bb5) 30... Qf8 31. Rc1 Qd6 32. Rhc2 Qb6 33. Rd2 g5 34. Qc7 Qxc7 (34... Rxd4 $2 35. Qxb6 Rxb6 36. Rxd4 $18) 35. Rxc7 e5 36. dxe5 Re8 37. Kb1 Rxe5 38. Kc2 Re3 (38... Re1 $11 39. Rd1 Re8) 39. Rc8+ Kf7 40. Rc7+ Kf6 41. Rc6+ Ke5 42. Rc3 d4 43. Rxe3+ (43. Rc5+ $11 Kd6 44. Rxg5) 43... dxe3 {[%emt 0:00:02][%mdl 4096] Endgame. KRB-KRN} 44. Rd8 {[%emt 0:00:13] [#]} Rb6 $1 45. Bc4 {[%emt 0:00:34] Hoping for Re8+.} Ng2 {[%emt 0:01:19] aiming for ...Kf4.} 46. Bf1 {[%emt 0:00:45] Loses the game.} (46. Rf8 $17) 46... Ne1+ $19 47. Kd1 Nxf3 48. Ke2 Kf4 49. Ra8 Rd6 (49... Kxg4 50. Kxe3 Kg3 51. Bc4 $19) 50. Rf8+ Rf6 (50... Kxg4 51. Rxf3 Rd2+ 52. Kxe3 Rxa2 53. Rf7 $18) 51. Ra8 Ng1+ ({Not} 51... Kxg4 52. Kxe3 Kg3 53. Bc4 $17) 52. Ke1 Rd6 {[%emt 0:01:06] ( -> ...Nf3+)} 53. Bc4 Nf3+ {[%emt 0:00:32] Black mates.} 54. Kf1 Rd1+ 55. Kg2 Rg1+ 56. Kh3 Rg3# {[%emt 0:15:05] Weighted Error Value: White=0.53/Black=0.19 (very precise) .  Mistake:       	White=6     	Black=4      Inaccurate:     	White=10    	Black=4      OK:         	White=14    	Black=20     Best:        	White=2     	Black=2      Strong:       	---       	Black=1} 0-1

[Event "8th Montevideo Open 2025"]
[Site "Montevideo"]
[Date "2025.02.05"]
[Round "5.13"]
[White "Izquierdo, Sebastian"]
[Black "Carbone, Diego"]
[Result "0-1"]
[Annotator "TA"]
[ECO "A48"]
[WhiteElo "1970"]
[BlackElo "2216"]
[PlyCount "80"]
[EventDate "2025.02.01"]
[EventType "swiss"]
[EventCountry "URU"]
[SourceTitle "playchess.com"]
[Source "ChessBase"]
[SourceQuality "1"]
[TimeControl "5400+30"]

1. d4 Nf6 2. Bf4 g6 3. e3 Bg7 4. h3 O-O 5. Nf3 d6 6. Be2 c5 7. c3 Qb6 8. Qb3 Be6 9. Qxb6 axb6 10. a3 Bd5 {[%emt 0:00:00] A48: 1 d4 Nf6 2 Nf3 g6: Torre, London and Colle Systems.} 11. Nbd2 Bc6 12. O-O Nbd7 {[%emt 0:00:25] The position is equal.} 13. c4 d5 14. Rfd1 $146 (14. Ne5 cxd4 15. Nxc6 bxc6 16. exd4 dxc4 17. Bxc4 b5 18. Bb3 Nd5 19. Be3 e5 20. Nf3 Nxe3 21. fxe3 exd4 22. exd4 {½-½ Parondo,R (2193)-Lou,Y (2451) Asia-chT rapid 2024 (6.8)}) 14... cxd4 15. exd4 dxc4 16. Bxc4 b5 17. Bb3 Nb6 18. Be5 Bd5 19. Bxd5 Nfxd5 20. Rac1 f6 21. Bg3 Na4 {[%emt 0:06:46] Dodges Rc5} 22. Rc2 Bh6 23. Rdc1 Kf7 {[%emt 0:00:30] Black is more active.} 24. b3 {[%emt 0:00:30] [#]} Nab6 25. Rc5 Rxa3 {[%emt 0:00:30] and ...Ra2 would now be decisive} 26. Rxd5 $4 {[%emt 0:00:30][%mdl 8192] This move loses the game for White.} Nxd5 $19 {[%emt 0:00:30] Black is clearly winning.} 27. Rc5 Rd8 28. Rxb5 Nc3 29. Rxb7 Ne2+ 30. Kh2 Nxg3 (30... Nxd4 31. Nxd4 Rxd4 (31... Bxd2 $2 32. Nc6 $19) 32. Nc4 $19) 31. Kxg3 Bxd2 32. Nxd2 Rxd4 {[%emt 0:21:26][%mdl 4096] Endgame KRR-KRN} 33. Nf3 Rd3 34. b4 Rdb3 35. Kh2 Ra4 36. b5 Rab4 37. Rc7 Rxb5 38. Nd4 Rb7 39. Rc5 Rd3 40. Nc6 Rb2 {[%emt 0:00:30] Weighted Error Value: White=0.37/Black=0.16 (very precise)   Loses game:     	White=1     	---        Inaccurate:     	White=6     	Black=1      OK:         	White=11    	Black=16     Best:        	White=1     	Black=1} 0-1

[Event "8th Montevideo Open 2025"]
[Site "Montevideo"]
[Date "2025.02.05"]
[Round "5.14"]
[White "Estrada Nieto, Julian"]
[Black "Durante, Aurelio"]
[Result "1-0"]
[Annotator "TA"]
[ECO "C43"]
[WhiteElo "2195"]
[BlackElo "1950"]
[PlyCount "67"]
[EventDate "2025.02.01"]
[EventType "swiss"]
[EventCountry "URU"]
[SourceTitle "playchess.com"]
[Source "ChessBase"]
[SourceQuality "1"]
[TimeControl "5400+30"]

1. e4 e5 2. Nf3 Nf6 3. d4 exd4 4. e5 Nd5 5. Qxd4 c6 6. Bc4 {C43: Petroff Defence: 3 d4.} (6. Nc3 Nxc3 7. Qxc3 Be7 8. Bf4) 6... Nb6 7. Bg5 $146 {White is much more active.} (7. O-O {simplifies} Nxc4 8. Qxc4 Be7 9. Qg4) (7. Bb3 d5 8. c3 Be6 9. O-O N8d7 10. a4 Bc5 11. Qf4 h6 12. h4 Be7 13. Qg3 {1-0 Egesa,E (2135)-Niragire,B (1451) Kampala Kireka op 6th 2022 (1)}) 7... Qc7 (7... Be7 $16) 8. Nbd2 $1 $18 {White is clearly better.} c5 9. Qf4 (9. Qh4 $142) 9... d5 10. exd6 Bxd6 11. Qe4+ Kf8 12. O-O-O h6 {[%emt 0:00:30] [#]} (12... Bd7 $16 13. Rhe1 Nc6) 13. Rhe1 $1 Kg8 14. Be7 Bxe7 15. Qxe7 Qxe7 16. Rxe7 Nxc4 17. Nxc4 Nc6 {[%emt 0:00:30] Wards off Rd8+} 18. Re8+ (18. Rc7 $18) 18... Kh7 $16 {[%emt 0:00:30] [#]} 19. Rxh8+ Kxh8 20. Nce5 {Prevents Bg4.} Nxe5 (20... Be6 $142) 21. Rd8+ ({Of course not} 21. Nxe5 $6 Be6 $14) 21... Kh7 22. Nxe5 $18 {[%mdl 4096] Endgame KRB-KRN} b6 23. Nxf7 Bb7 24. Rxa8 Bxa8 {[%emt 0:00:30] KB-KN. White is a pawn up.} 25. f3 Kg6 26. Nd6 a6 27. Kd2 Bd5 (27... Kf6 $16 {was called for.} 28. Ne8+ Kf7) 28. c4 Be6 29. Kd3 h5 30. Ke4 h4 31. h3 {and Ke5 should not be overlooked} Kg5 $2 (31... Kf6 32. b3 Bg8) 32. Ke5 {White is clearly winning.} Bd7 33. b3 b5 34. Ne4+ {Weighted Error Value: White=0.26 (precise) /Black=0.55  Mistake:       	White=2     	Black=5      Inaccurate:     	White=1     	Black=2      OK:         	White=11    	Black=6      Best:        	White=4     	Black=3      Strong:       	White=1     	---} 1-0

[Event "8th Montevideo Open 2025"]
[Site "Montevideo"]
[Date "2025.02.05"]
[Round "5.15"]
[White "Pizarro, Nick"]
[Black "Curi, Gabriel"]
[Result "0-1"]
[Annotator "TA"]
[ECO "B76"]
[WhiteElo "1594"]
[BlackElo "2115"]
[PlyCount "43"]
[EventDate "2025.02.01"]
[EventType "swiss"]
[EventCountry "URU"]
[SourceTitle "playchess.com"]
[Source "ChessBase"]
[SourceQuality "1"]
[TimeControl "5400+30"]

1. e4 c5 2. Nf3 d6 3. d4 cxd4 4. Nxd4 Nf6 5. Nc3 g6 6. Be3 Bg7 7. f3 Nc6 8. Qd2 O-O 9. O-O-O d5 10. Nxc6 bxc6 11. exd5 Nxd5 12. Nxd5 cxd5 13. Qxd5 Qc7 14. Qc5 Qb7 15. Bd4 Bf5 $1 16. Qb5 {[%emt 1:11:42] B76: Sicilian Dragon: Yugoslav Attack, 9 g4 and 9 0-0-0.} ({Of course not} 16. Bxg7 Rac8 $15) (16. Bd3 $11 Rac8 17. Qxa7 Qxa7 18. Bxa7) 16... Qc7 $17 {[%emt 0:27:33][%csl Gf5][%cal Rc7c2] [#]} 17. Bc3 $2 (17. Qc5 $17 Qxc5 18. Bxc5) 17... Bxc3 $19 18. bxc3 Qxc3 19. Qb3 Qa1+ $146 (19... Qe5 20. Qb2 Qe3+ 21. Rd2 Rfd8 22. Bd3 Bxd3 23. cxd3 Rxd3 24. Rhd1 Rxd2 25. Qxd2 Rc8+ {0-1 Murin,M-Berggren,P (1913) IBCA EU-ch blind 04th 2007 (8.27)}) 20. Qb1 $2 {[%emt 0:00:00] [#]} (20. Kd2 Qf6 21. Ke1) 20... Qe5 21. Qb4 Qe3+ 22. Rd2 {[%emt 0:00:00] White did not feel at home in the position after the opening.   Weighted Error Value: White=1.83/Black=1.19  Loses game:     	White=1     	---        Mistake:       	White=1     	---        OK:         	White=1     	Black=2      Best:        	---       	Black=1} 0-1

[Event "8th Montevideo Open 2025"]
[Site "Montevideo"]
[Date "2025.02.05"]
[Round "5.16"]
[White "Izquierdo, Daniel"]
[Black "Quevedo, Andreina"]
[Result "1-0"]
[Annotator "TA"]
[ECO "A26"]
[WhiteElo "2069"]
[BlackElo "1860"]
[PlyCount "149"]
[EventDate "2025.02.01"]
[EventType "swiss"]
[EventCountry "URU"]
[SourceTitle "playchess.com"]
[Source "ChessBase"]
[SourceQuality "1"]
[TimeControl "5400+30"]

1. Nf3 Nf6 2. c4 g6 3. g3 Bg7 4. Bg2 O-O 5. O-O d6 6. Nc3 e5 7. d3 Nc6 8. Rb1 a5 9. a3 h6 10. b4 axb4 11. axb4 Be6 12. b5 Ne7 13. Qb3 Nd7 14. Ba3 {[%emt 0:00:00] A26: English Opening vs King's Indian with ...Nc6 and d3.} f5 15. Nd2 Qc8 (15... Rb8 $14) 16. Nd5 {[%emt 0:06:30] White is better. White is more active.} Nxd5 (16... Bxd5 $14 17. cxd5 b6) 17. cxd5 $16 (17. Bxd5 Bxd5 18. cxd5 Nb6 $11) 17... Bf7 {[%emt 0:00:07] [#]} 18. Rfc1 {[%emt 0:00:00] White has strong rooks and is better} (18. b6 $1 $16) 18... Qd8 $11 19. Bb4 $146 (19. Nc4 b6 20. e3 Rb8 21. f4 exf4 22. gxf4 Qh4 23. Nd2 Nc5 24. Qc2 Qg4 25. h3 {1-0 Frasco,R (2315)-Goldberg,S (1710) corr 1997}) 19... Nf6 20. Rc2 (20. Qc4 $14) 20... Qd7 21. Rbc1 $36 {[%emt 0:00:00][%mdl 2048] White has some pressure.} Rfc8 22. Bc3 (22. e4 $14) 22... g5 (22... Qd8 $11) 23. Bb2 Ra5 24. Nc4 (24. b6 $11 Nxd5 25. Bxd5 Bxd5 26. Rxc7 Bxb3 27. Rxd7 Rxc1+ 28. Bxc1) 24... Rxb5 $15 25. Qa4 Bxd5 $2 {[%emt 0:04:49][%mdl 8192] [#]} (25... Nxd5 $2 26. Na3 $18 (26. Nxd6 Qxd6 27. Qxb5 b6 $18)) (25... Be8 $15 {keeps the upper hand.}) 26. Nxd6 $1 $18 Bxg2 (26... Qxd6 27. Qxb5) 27. Kxg2 (27. Nxb5 Bc6 $18) 27... cxd6 (27... Qxd6 28. Qxb5 Nd5 29. Qxb7 Rd8) 28. Rxc8+ Kh7 29. R8c7 (29. R1c7 $142 Qxc8 30. Rxc8 Rxb2 31. Qc4) 29... Qe8 30. Ba3 e4 31. Rc8 Qe5 {[%emt 0:00:11] [#]} 32. Bxd6 $1 Qd5 33. Qc4 (33. dxe4 $18 {and White stays clearly on top.} Nxe4 34. Rd1 Nd2+ 35. f3) 33... exd3+ $16 34. Qxd5 Rxd5 35. Bf8 dxe2 36. Re1 Bxf8 37. Rxf8 $18 {[%emt 0:00:00][%mdl 4096] Endgame KRR-KRN} Kg7 38. Rb8 f4 (38... Rd2 39. Rxb7+ Kg6) 39. Rxe2 Rd3 40. Rxb7+ Kg6 {[%emt 0:00:04] Hoping for ...f3+.} 41. f3 fxg3 42. hxg3 h5 43. Rb6 Kf5 (43... Rd5 44. Ra2 Rf5) 44. Rb5+ Nd5 45. Kf2 Kf6 46. Rc2 Nc3 47. Ra5 g4 48. fxg4 (48. Rxh5 gxf3 49. Ke1 Ne4 $11) 48... hxg4 {[%emt 0:00:04] [#]} 49. Kg2 $1 Nd5 (49... Ne4 $16) 50. Rf2+ Ke6 (50... Kg6 51. Rb2 Ne3+ 52. Kh2 Rd6) 51. Re2+ Kf6 52. Ra4 Nc3 (52... Kf5 {might work better.} 53. Re8 Kf6 54. Rf8+ (54. Rxg4 Ne3+ 55. Kf3 Nxg4+ 56. Kxg4 Ra3 $11) 54... Ke7) 53. Rf4+ ({Weaker is} 53. Rxg4 Nxe2 54. Kf2 Nc3 $17) 53... Kg6 54. Rxg4+ Kf5 $2 (54... Kh5 55. Rh4+ Kg6 56. Re6+ Kf5) 55. Rf4+ Kg5 56. Re5+ Kg6 57. Rf3 Rd2+ 58. Kh3 Nd5 59. Ra3 Rd1 (59... Kf6 $142 60. Re1 Rd4 61. Rf1+ Ke5) 60. Ra6+ Kf7 61. Kh4 {[%emt 0:00:53] Threatens to win with Kg5.} Rh1+ 62. Kg5 {[%emt 0:00:19] White mates.} Nb4 63. Ra7+ Kf8 64. Rc5 Re1 65. Rc8+ Re8 66. Rxe8+ Kxe8 {[%emt 0:00:04] KR-KN} 67. g4 Nc6 68. Rc7 Ne7 69. Kh6 Nd5 70. Rb7 Kf8 71. g5 Ne3 72. Kh7 Ng4 73. Rb8+ Ke7 74. g6 Nf6+ 75. Kh8 {[%emt 0:00:11] Weighted Error Value: White=0.46/Black=0.80  Loses game:     	---       	Black=1      Missed win:     	White=1     	---        Mistake:       	White=4     	Black=10     Inaccurate:     	White=3     	Black=6      OK:         	White=12    	Black=11     Best:        	White=3     	Black=4      Strong:       	White=1     	---        Brilliant:      	White=1     	---} 1-0

[Event "8th Montevideo Open 2025"]
[Site "Montevideo"]
[Date "2025.02.05"]
[Round "5.17"]
[White "Zaruski, Julio"]
[Black "Bauza, Alejandro"]
[Result "0-1"]
[Annotator "RC"]
[ECO "A05"]
[WhiteElo "1860"]
[BlackElo "2116"]
[PlyCount "126"]
[EventDate "2025.02.01"]
[EventType "swiss"]
[EventCountry "URU"]
[SourceTitle "playchess.com"]
[Source "ChessBase"]
[SourceQuality "1"]
[TimeControl "5400+30"]

1. Nf3 c5 2. b3 Nf6 3. Bb2 e6 4. e3 Be7 5. d4 Nc6 6. a3 O-O 7. dxc5 Bxc5 8. Bd3 a6 9. b4 Be7 10. c4 b6 11. Nbd2 Bb7 12. O-O d5 13. cxd5 Nxd5 14. Qe2 Bf6 15. Bxf6 Qxf6 16. Ne4 Qe7 17. Rfc1 Rfd8 18. Ng3 g6 19. h4 Qf6 20. Ne4 Qg7 21. b5 axb5 22. Bxb5 Na5 23. Bc4 Nxe3 24. Qxe3 Nxc4 25. Qf4 f5 26. Neg5 Bd5 27. Re1 h6 28. Nh3 b5 29. Qc1 e5 30. Qc3 Be4 31. Qb3 Kh7 32. Qxb5 Bxf3 33. Qxc4 Bg4 34. Kh2 Rd4 35. Qe6 Bxh3 36. Kxh3 Raa4 37. g3 e4 38. Ra2 Qc7 39. Rc1 Qg7 40. Rac2 Ra7 41. h5 Rf7 42. hxg6+ Qxg6 43. Qxg6+ Kxg6 44. Rc6+ Rf6 45. Rxf6+ Kxf6 46. Rc6+ Kg5 47. Rc2 h5 48. Rb2 Rd3 49. Ra2 h4 50. Kg2 hxg3 51. fxg3 Kg4 52. Kf2 Rxg3 53. a4 e3+ 54. Kf1 Kf3 55. a5 Rh3 56. Kg1 e2 57. Ra3+ Kg4 58. Ra1 Ra3 59. Re1 Kf3 60. Rb1 f4 61. a6 Kg3 62. a7 f3 63. Kh1 Rxa7 0-1

[Event "8th Montevideo Open 2025"]
[Site "Montevideo"]
[Date "2025.02.05"]
[Round "5.18"]
[White "Carvalho, Guillermo"]
[Black "de los Reyes, Mauro"]
[Result "1-0"]
[Annotator "NA RC"]
[ECO "D40"]
[WhiteElo "2094"]
[BlackElo "1849"]
[PlyCount "57"]
[EventDate "2025.02.01"]
[EventType "swiss"]
[EventCountry "URU"]
[SourceTitle "playchess.com"]
[Source "ChessBase"]
[SourceQuality "1"]
[TimeControl "5400+30"]

1. c4 c6 2. e4 d5 3. exd5 cxd5 4. d4 Nc6 5. Nc3 e6 6. Nf3 Nf6 7. a3 a5 8. Bd3 h6 9. O-O Be7 10. Re1 dxc4 11. Bxc4 O-O 12. Bd3 Nd5 13. Bc2 Nf6 14. Qd3 Re8 15. Bf4 Bd6 16. Bxd6 Qxd6 17. Rad1 Bd7 18. Nb5 Qb8 19. Nc3 g6 20. Ne5 Nxe5 21. dxe5 Nd5 22. Qh3 Nxc3 23. bxc3 Re7 24. Qxh6 Qf8 25. Qf4 Rc8 26. Re3 Bb5 27. a4 Ba6 28. Qf6 Rec7 29. Rh3 1-0

[Event "8th Montevideo Open 2025"]
[Site "Montevideo"]
[Date "2025.02.05"]
[Round "5.19"]
[White "Saralegui, Mario"]
[Black "Miller, Ariel"]
[Result "0-1"]
[Annotator "TA"]
[ECO "A67"]
[WhiteElo "2034"]
[BlackElo "1835"]
[PlyCount "94"]
[EventDate "2025.02.01"]
[EventType "swiss"]
[EventCountry "URU"]
[SourceTitle "playchess.com"]
[Source "ChessBase"]
[SourceQuality "1"]
[TimeControl "5400+30"]

1. d4 Nf6 2. c4 c5 3. d5 e6 4. Nc3 exd5 5. cxd5 d6 6. e4 g6 7. f4 Bg7 8. Bb5+ Nfd7 9. a4 O-O 10. Nf3 a6 11. Bd3 {[%emt 0:00:10] 11.Bd3 is better than 11.Be2.} Re8 {[%emt 0:03:31][%cal Oc5c4] A67: Modern Benoni: Taimanov Variation.} 12. O-O Nf8 13. Kh1 Nbd7 $146 {[%emt 0:07:00] White is better.} (13... b6 14. Nd2 Nbd7 15. Nc4 Qc7 16. Qf3 Rb8 17. e5 dxe5 18. d6 Qa7 19. f5 Bb7 {0-1 Lucas,M-Homuth,M Regionalliga NordN 1990}) 14. Qc2 Rb8 15. Bd2 Qc7 16. b3 Nb6 (16... Nf6 $142) 17. Rac1 (17. e5 $142) 17... c4 18. Nd1 Bd7 (18... Qd7 $16 {keeps fighting.}) 19. Ne3 (19. bxc4 $6 Nxa4 20. Bb4 Nc5 $14) (19. Bxc4 $6 Nxc4 20. bxc4 (20. Qxc4 Qxc4 21. bxc4 Rxe4 $11) 20... b5 $16) 19... Rbc8 (19... Rec8 $142 20. Bxc4 (20. a5 c3 $16) 20... Nxc4) 20. a5 (20. Bxc4 Nxc4 21. Qxc4 (21. Nxc4 b5 $11) 21... Qd8 $16) 20... Qc5 (20... c3 $142) 21. Nxc4 $18 Nxc4 22. Qxc4 (22. Bxc4 Bb5 23. Rfe1 Bxc4) (22. bxc4 $18 {[%cal Oe4e5] Black must now prevent e5!.} b5 23. axb6) 22... Bb5 $1 $14 23. Qxc5 Rxc5 24. Bxb5 Rxb5 {[%emt 0:00:05] [#]} 25. e5 Rxd5 26. Bc3 Rc8 27. Bb4 Rxc1 28. Rxc1 dxe5 29. fxe5 Ne6 30. g3 Bf8 (30... Bxe5 $2 {loses.} 31. Rc8+ Kg7 32. Nxe5 $18) 31. Rc8 Rd8 32. Rc4 (32. Rxd8 $15 {might be stronger.} Nxd8 33. Bc3) 32... Rd3 $17 33. Kg2 Rxb3 34. Bd6 {[%emt 0:01:58] [#]} (34. Bc3 $17) 34... Bxd6 $1 $19 35. exd6 {[%emt 0:00:02][%mdl 4096] Endgame [#] KRN-KRN. Black is a pawn up.} Rd3 {[%emt 0:00:08] Prevents Nd4.} 36. Rc8+ Kg7 37. Rb8 Rxd6 38. Rxb7 Rd5 {[%emt 0:00:07] Against Ne5} 39. h4 Rxa5 40. Ra7 h5 41. Kf2 Kf6 42. Ke3 Ra1 43. Ke2 a5 44. Ke3 a4 45. Nd2 a3 46. Ne4+ Kg7 {[%emt 0:00:40] White must now prevent ...a2.} 47. Ng5 $2 (47. Nc3) 47... Nxg5 {[%emt 0:00:12] Quite a comeback for Black.   Weighted Error Value: White=0.50/Black=0.19 (very precise)   Missed win:     	White=1     	---        Mistake:       	White=5     	Black=4      Inaccurate:     	White=3     	Black=2      OK:         	White=10    	Black=12     Best:        	White=3     	Black=3      Strong:       	---       	Black=2} 0-1